 Dungeon Crawl Stone Soup version 0.28.0-45-g0d030f2227 (webtiles) character file.

Game seed: 14481137188857928403

16 sking99 the Ruffian (level 2, 23/24 HPs)
             Began as a Minotaur Transmuter on May 20, 2022.
             Quit the game on level 1 of the Dungeon.
             The game lasted 00:00:58 (505 turns).

sking99 the Ruffian (Minotaur Transmuter)            Turns: 505, Time: 00:00:59

Health: 23/24      AC:  3    Str: 14    XL:     2   Next: 41%
Magic:  2/3        EV: 12    Int: 10    God:
Gold:   28         SH:  0    Dex: 10    Spells: 2/3 levels left

rFire   . . .      SeeInvis .     - Unarmed
rCold   . . .      Faith    .   (no shield)
rNeg    . . .      Spirit   .   a - +0 robe
rPois   .          Reflect  .   (helmet restricted)
rElec   .          Harm     .   (no cloak)
rCorr   .          Rampage  .   (no gloves)
Will    .....                   b - +0 pair of boots
Stlth   +.........              (no amulet)
HPRegen 0.08/turn               (no ring)
MPRegen 0.08/turn               (no ring)

@: very slightly contaminated
A: horns 2, retaliatory headbutt
a: no special abilities


You were on level 1 of the Dungeon.
You visited 1 branch of the dungeon, and saw 1 of its levels.

You collected 28 gold pieces.

Inventory:

Armour
 a - a +0 robe (worn)
 b - a +0 pair of boots (worn)
Scrolls
 c - a scroll of immolation {unknown}
Potions
 d - a potion of mutation {unknown}
 e - a potion of invisibility {unknown}
 f - a potion of brilliance {unknown}


   Skills:
 + Level 1.8 Fighting
 + Level 2.5 Dodging
 * Level 3.8 Unarmed Combat
 - Level 1.3 Spellcasting
 - Level 1.5 Transmutations


You had 2 spell levels left.
You knew the following spells:

 Your Spells              Type           Power      Damage    Failure   Level
a - Beastly Appendage     Tmut           6%         N/A       19%         1

Your spell library contained the following spells:

 Spells                   Type           Power      Damage    Failure   Level
 Wereblood                Tmut           3%         N/A       26%         2
 Spider Form              Tmut/Pois      2%         N/A       58%         3
 Ice Form                 Ice/Tmut       2%         N/A       94%         4


Dungeon Overview and Level Annotations

Branches:
Dungeon (1/15)

Altars:


Innate Abilities, Weirdness & Mutations

You have a pair of horns on your head.
You reflexively headbutt those who attack you in melee.


Message History

Your +0 pair of boots unmelds from your body.
A dart slug comes into view.
A ball python comes into view.
The ball python hisses angrily.
The dart slug closely misses you.
You hit the dart slug. You headbutt the dart slug.
The dart slug is severely wounded.
You hit the dart slug.
You kill the dart slug!
You closely miss the ball python. You headbutt the ball python.
You kill the ball python!
Found a spear.
Found a stone staircase leading down.
A ball python comes into view.
The ball python hisses angrily.
You hit the ball python.
You kill the ball python!
You now have 28 gold pieces (gained 17).
You see here a ball python corpse.
e - a smoky blue potion
Found a stone staircase leading down.
A hobgoblin comes into view.
The hobgoblin shouts!
The hobgoblin barely misses you. You furiously retaliate!
You headbutt the hobgoblin.
You kill the hobgoblin!
You see here a hobgoblin corpse.
f - an inky potion A bat comes into view.
Casting: Beastly Appendage (safe; 19% risk of failure)
Confirm with . or Enter, or press ? or * to list all spells.
You miscast Beastly Appendage.
You are very lightly contaminated with residual magic.
Nothing appears to happen.
You barely miss the bat. The bat completely misses you.
The bat hits you but does no damage. The bat hits you but does no damage.
The bat hits you.
You hit the bat.
You kill the bat!
No target in view!
Are you sure you want to abandon this character and quit the game? (Confirm with "yes".)

#.##........#
#............#
..........##.#
#.######..##.#
#.######..##.#
#.........##.#
#..######.##.##
#..# #......#
.####.@#####..##.##
............#>.####
#.#########.#....#
#..#..#.# #.##..#.#
##.##..#.#
##.#....#†#
##.###...#.# ###.##
##..#.#


There were no monsters in sight!

Vanquished Creatures
  A dart slug (D:1)
  2 ball pythons (D:1)
  2 giant cockroaches (D:1)
  2 goblins (D:1)
  2 hobgoblins (D:1)
  A quokka (D:1)
  A bat (D:1)
  A kobold (D:1)
  A rat (D:1)
13 creatures vanquished.

Notes
Turn   | Place    | Note
-------+----------+-------------------------------------------
     0 | D:1      | sking99 the Minotaur Transmuter began the quest for the
                  | Orb.
     0 | D:1      | Reached XP level 1. HP: 16/16 MP: 1/1
   393 | D:1      | Reached XP level 2. HP: 23/23 MP: 0/3
   505 | D:1      | Quit the game

Illustrated notes

Levels and vault maps discovered:
D:1:      grunt_arrival_lava_bath, layout_loops_ring

Action                   || total
-------------------------++-------
Melee: Unarmed           ||    28
       Kick              ||     5
       Headbutt          ||     5
 Cast: Beastly Appendage ||     7
Armor: Robe              ||     5
Dodge: Dodged            ||    17
